 Dungeon Sprint DCSS version 0.31-a0-43-g46d131a48f (webtiles) character file.

Game seed: 16124256925732971802

12453 sircluck the Brawler (level 11, -3/184 HPs)
             Began as a Troll Berserker on May 18, 2023.
             Was the Champion of Trog.
             Slain by a 15-headed hydra (11 damage)
             ... in the Dungeon (Sprint I: "Red Sonja").
             The game lasted 00:07:14 (1210 turns).

sircluck the Brawler (Troll Berserker)              Turns: 1210, Time: 00:07:15

Health: -3/184     AC:  6    Str: 31    XL:     11   Next: 62%
Magic:  10/10      EV: 12    Int:  3    God:    Trog [******]
Gold:   1350       SH:  8    Dex:  9    Spells: 10/10 levels left

rFire   x .          .
                       - Unarmed
rCold   . . .        q - +0 kite shield
rNeg    . . .        p - +2 robe {Will+}
rPois   .            (helmet restricted)
rElec   .            (no cloak)
rCorr   .            (gloves unavailable)
SInv    .            (boots unavailable)
Will    +....        (no amulet) Stlth
                     (no ring)
HPRegen 1.30/turn    (no ring)
MPRegen 0.12/turn

%: no teleportation
@: berserking, very quick
A: large, unfitting armour, claws 3, regeneration 1, shaggy fur 1, tough skin 1,
wild magic 1, heat vulnerability 1
a: Renounce Religion, Berserk, Trog's Hand, Brothers in Arms


You were in the Dungeon.
You worshipped Trog.
Trog was exalted by your worship.
You visited 1 branch You collected 1693 gold pieces.
You spent 343 gold pieces at shops.

Inventory:

Missiles
 j - 9 stones (quivered)
 l - 4 curare-tipped darts
Armour
 a - a +0 animal skin
 p - a +2 robe of willpower (worn)
 q - a +0 kite shield (worn)
Wands
 h - a wand of flame (9)
 t - a wand of iceblast (8)
Scrolls
 c - a scroll of immolation {unknown}
 g - a scroll of blinking
 k - a scroll of fog {unknown}
 n - a scroll of poison {unknown}
 o - 5 scrolls of identify
 r - a scroll of silence {unknown}
Potions
 b - 5 potions of curing
 d - a potion of haste
 e - 2 potions of magic
 f - a potion of berserk rage
 i - a potion of mutation {unknown}
 m - a potion of brilliance {unknown}
Miscellaneous
 s - a phial of floods


   Skills:
 + Level 12.0 Fighting
 + Level 13.4 Dodging
 + Level 3.0 Stealth
 + Level 3.6 Shields
 + Level 19.9 Unarmed Combat


You had 10 spell levels left.
You didn't know any spells.
Your spell library was empty.

Dungeon Overview and Level Annotations

Branches:
Dungeon (1/1)

Altars:
Cheibriados
Dithmenos
Elyvilon
Fedhas
Gozag
Hepliaklqana
Kikubaaqudgha
Makhleb
Nemelex Xobeh
Okawaru
Qazlal
Ru
Sif Muna
Trog
Uskayaw
Vehumet
Wu Jian
Xom
Yredelemnul
Zin
The Shining One
Jiyva
Lugonu

Shops:
D [[*!(:=*:([?([[??*([(


Innate Abilities, Weirdness & Mutations

You are too large for most types of armour.
You have claws for hands.
Your natural rate of healing is unusually fast.
You are covered in fur. (AC +1)
You have tough skin. (AC +1)
Your spells are a little harder to cast, but a little more powerful.
You are vulnerable to heat. (rF-)


Message History

The 12-headed hydra bites you! The 12-headed hydra bites you. x2
You block the 12-headed hydra's attack. The 12-headed hydra bites you!
Unknown command.
A red film seems to cover your vision as you go berserk!
You feel yourself moving faster!
You feel mighty!
The 12-headed hydra bites you but does no damage.
The 12-headed hydra bites you! The 12-headed hydra closely misses you.
The 12-headed hydra bites you! You block the 12-headed hydra's attack.
The 12-headed hydra bites you! x5; The 12-headed hydra misses you.
The 12-headed hydra closely misses you.
You claw one of the 12-headed hydra's heads off!
The 11-headed hydra grows two more!
You eviscerate the 13-headed hydra!!!
The 13-headed hydra is heavily wounded.
You barely miss the 13-headed hydra.
The 13-headed hydra is heavily wounded.
The 13-headed hydra bites you! x2
* * * LOW HITPOINT WARNING * * *
You block the 13-headed hydra's attack. The 13-headed hydra bites you.
* * * LOW HITPOINT WARNING * * *
You block the 13-headed hydra's attack. The 13-headed hydra bites you!
* * * LOW HITPOINT WARNING * * *
The 13-headed hydra closely misses you. The 13-headed hydra bites you!
* * * LOW HITPOINT WARNING * * *
You block the 13-headed hydra's attack.
The 13-headed hydra completely misses you.
The 13-headed hydra bites you.
* * * LOW HITPOINT WARNING * * *
The 13-headed hydra barely misses you. The 13-headed hydra bites you!
* * * LOW HITPOINT WARNING * * *
The floating eye's view fixates on you.
You rip one of the 13-headed hydra's heads off!
The 12-headed hydra grows two more!
You mangle the 14-headed hydra!!
The 14-headed hydra is severely wounded.
You claw one of the 14-headed hydra's heads off!
The 13-headed hydra grows two more!
You mangle the 15-headed hydra!!
The 15-headed hydra is severely wounded.
The 15-headed hydra completely misses you.
The 15-headed hydra closely misses you.
You block the 15-headed hydra's attack. x2
The 15-headed hydra bites you!
You die...

#####################************
..#..#§§§†§§§§..@DG$#,,+,,,,*,,,,
..##'#.####§§§§.##$.+,,*,,,,**,,,
.)†§§#.#,*##§§§##**##*+*,,,,,****
###§.§.#+*,###+#,,,**,,*,,,,,*,,,
.##+####,,,*,*,**,,,*,,**,,,,*,∩,
.#,,,,,*,,,***,,***,*,,~***+**,,,
.#,,,,,+,,,,,**,*,*,*,,~,,*,****+
'###,,,*,,,,,*,,***,*,,~,**+*,,,,
.'.#,,,***++**,**,,,*,,~**,,,,,,,


You could see a 15-headed hydra and a floating eye (charged).

Vanquished Creatures
  2 centaur warriors (D)
  Sonja (D)
  A deep troll (D)
  A lindwurm (D)
  2 shining eyes (D)
  An oklob plant (D)
  4 demonic crawlers (D)
  2 unseen horrors (D)
  2 kobold demonologists (D)
  A hornet (D)
  A slime creature (D)
  Sigmund (D)
  13 hogs (D)
  A yak (D)
  2 redbacks (D)
  3 floating eyes (D)
  An ogre (D)
  7 necrophages (D)
  8 jellies (D)
  Ijyb (D)
55 creatures vanquished.

Vanquished Creatures (collateral kills)
  6 shining eyes (D)
  3 floating eyes (D)
9 creatures vanquished.

Vanquished Creatures (others)
  2 ballistomycete spores (D)
2 creatures vanquished.

Grand Total: 66 creatures vanquished

Notes
Turn   | Place    | Note
-------+----------+-------------------------------------------
     0 | D        | sircluck the Troll Berserker began the quest for the Orb.
     0 | D        | Reached XP level 1. HP: 22/22 MP: 0/0
     2 | D        | Noticed Ijyb
    10 | D        | Killed Ijyb
    11 | D        | Reached skill level 4 in Unarmed Combat
    11 | D        | Reached XP level 2. HP: 24/31 MP: 1/1
    14 | D        | Noticed an ogre
    19 | D        | Killed an ogre
    20 | D        | Reached skill level 6 in Unarmed Combat
    20 | D        | Reached XP level 3. HP: 41/41 MP: 2/2
    20 | D        | Reached XP level 4. HP: 49/49 MP: 3/3
    31 | D        | Noticed Sigmund
   139 | D        | Killed Sigmund
   139 | D        | Reached ** piety under Trog
   140 | D        | Reached skill level 8 in Unarmed Combat
   140 | D        | Reached XP level 5. HP: 59/59 MP: 4/4
   140 | D        | Reached XP level 6. HP: 67/67 MP: 5/5
   200 | D        | Found a burning altar of Makhleb.
   200 | D        | Found a viscous altar of Jiyva.
   200 | D        | Found a shimmering altar of Xom.
   200 | D        | Found a corrupted altar of Lugonu.
   200 | D        | Noticed a slime creature
   205 | D        | Killed a slime creature
   206 | D        | Reached skill level 9 in Unarmed Combat
   219 | D        | Noticed a kobold demonologist
   219 | D        | Noticed a floating eye
   219 | D        | Noticed a kobold demonologist
   220 | D        | Noticed a ynoxinul
   222 | D        | Noticed a red devil
   222 | D        | Paralysed by a floating eye for 4 turns
   224 | D        | Noticed an ice devil
   228 | D        | Killed a floating eye
   229 | D        | Reached skill level 10 in Unarmed Combat
   229 | D        | Reached XP level 7. HP: 59/78 MP: 6/6
   235 | D        | Killed a kobold demonologist
   235 | D        | Reached *** piety under Trog
   236 | D        | Reached skill level 11 in Unarmed Combat
   239 | D        | Killed a kobold demonologist
   240 | D        | Reached XP level 8. HP: 42/89 MP: 7/7
   305 | D        | Found an ornate altar of the Wu Jian Council.
   305 | D        | Found a shimmering blue altar of Sif Muna.
   308 | D        | Found a radiant altar of Vehumet.
   356 | D        | Found Nunuv's Distillery.
   356 | D        | Found an ancient bone altar of Kikubaaqudgha.
   356 | D        | Found a hazy altar of Hepliaklqana.
   356 | D        | Found a stormy altar of Qazlal.
   356 | D        | Found a hide-covered altar of Uskayaw.
   356 | D        | Found a blossoming altar of Fedhas.
   356 | D        | Found a bloodstained altar of Trog.
   356 | D        | Found an iron altar of Okawaru.
   356 | D        | Found a basalt altar of Yredelemnul.
   356 | D        | Found a glowing golden altar of the Shining One.
   356 | D        | Found a snail-covered altar of Cheibriados.
   356 | D        | Found a sacrificial altar of Ru.
   356 | D        | Found a glowing silver altar of Zin.
   356 | D        | Found a shadowy altar of Dithmenos.
   356 | D        | Found a white marble altar of Elyvilon.
   357 | D        | Found an opulent altar of Gozag.
   367 | D        | Reached **** piety under Trog
   368 | D        | Reached skill level 12 in Unarmed Combat
   368 | D        | Found a sparkling altar of Nemelex Xobeh.
   383 | D        | Noticed Sonja
   395 | D        | Killed Sonja
   396 | D        | Reached skill level 13 in Unarmed Combat
   453 | D        | Noticed a deep troll
   461 | D        | Killed a deep troll
   462 | D        | Reached skill level 10 in Dodging
   462 | D        | Reached XP level 9. HP: 100/100 MP: 8/8
   471 | D        | Found Kiliq's Armour Emporium.
   528 | D        | Found Tehux's Antique Armour Boutique.
   539 | D        | Noticed a shining eye
   539 | D        | Noticed a shining eye
   539 | D        | Noticed a shining eye
   541 | D        | Reached skill level 14 in Unarmed Combat
   542 | D        | Gained mutation: Your spells are a little harder to cast,
                  | but a little more powerful. [a shining eye]
   544 | D        | Killed a shining eye
   544 | D        | Noticed a shining eye
   545 | D        | Reached skill level 10 in Fighting
   545 | D        | Paralysed by a floating eye for 4 turns
   547 | D        | Killed a shining eye
   549 | D        | Killed a shining eye
   550 | D        | Reached skill level 15 in Unarmed Combat
   550 | D        | Reached ***** piety under Trog
   551 | D        | Noticed a shining eye
   552 | D        | Killed a shining eye
   553 | D        | Reached XP level 10. HP: 111/111 MP: 9/9
   553 | D        | Noticed a shining eye
   555 | D        | Noticed a shining eye
   557 | D        | Killed a shining eye
   557 | D        | Noticed a shining eye
   558 | D        | Reached skill level 1 in Stealth
   558 | D        | Reached skill level 16 in Unarmed Combat
   559 | D        | Killed a shining eye
   559 | D        | Gained mutation: You are vulnerable to heat. (rF-) [a
                  | shining eye]
   559 | D        | Killed a shining eye
   563 | D        | Killed a shining eye
   563 | D        | Received a gift from Trog
   574 | D        | Found Jajeylea's Antique Armour Shoppe.
   574 | D        | Found Dalal's Antique Weapon Shop.
   574 | D        | Found Waeko's Assorted Antiques.
   574 | D        | Found Xem Caoq's Book Boutique.
   597 | D        | Bought a glowing robe for 81 gold pieces
   597 | D        | Bought a kite shield for 99 gold pieces
   636 | D        | Noticed a centaur warrior
   636 | D        | Noticed a centaur warrior
   672 | D        | Killed a centaur warrior
   673 | D        | Reached skill level 17 in Unarmed Combat
   676 | D        | Killed a centaur warrior
   716 | D        | Noticed an oklob plant
   722 | D        | Killed an oklob plant
   731 | D        | Reached ****** piety under Trog
   736 | D        | Reached skill level 18 in Unarmed Combat
   736 | D        | Reached XP level 11. HP: 106/122 MP: 10/10
   766 | D        | Reached skill level 1 in Shields
   818 | D        | Received a gift from Trog
   854 | D        | Received a gift from Trog
   898 | D        | Found Tucreop's Assorted Antiques.
   898 | D        | Found Gete's Jewellery Shop.
   898 | D        | Found Nurch's Book Boutique.
   900 | D        | Found Wunoapoq's Antique Weapon Emporium.
   900 | D        | Found Fauskes's Antique Armour Shop.
   900 | D        | Found Itoluguy's Magic Scroll Shoppe.
   900 | D        | Found Mackock's Antique Weapon Boutique.
   900 | D        | Found Tixiad's Armour Emporium.
   900 | D        | Found Robavuew's Armour Shop.
   900 | D        | Found Jolium's Magic Scroll Shoppe.
   905 | D        | Found Luam's Magic Scroll Boutique.
   906 | D        | Found Mamnil's Weapon Emporium.
   906 | D        | Found Uruuptaz's General Store.
   907 | D        | Found Loyrph's Antique Weapon Emporium.
   908 | D        | Bought a scroll of magic mapping for 75 gold pieces
   914 | D        | Bought a scroll of identify for 22 gold pieces
   914 | D        | Bought a scroll of identify for 22 gold pieces
   914 | D        | Bought a scroll of identify for 22 gold pieces
   914 | D        | Bought a scroll of identify for 22 gold pieces
   972 | D        | Identified the +8 long sword "Gourgh" {flame, Str+3} (Trog
                  | gifted it to you in the Dungeon)
   972 | D        | Received a gift from Trog
   978 | D        | Reached skill level 19 in Unarmed Combat
  1055 | D        | Noticed a lindwurm
  1060 | D        | Killed a lindwurm
  1087 | D        | Received a gift from Trog
  1111 | D        | Received a gift from Trog
  1204 | D        | Noticed a 12-headed hydra
  1208 | D        | HP: 7/184 [13-headed hydra (13)]
  1210 | D        | Slain by a 15-headed hydra

Illustrated notes

Levels and vault maps discovered:
D:        dungeon_sprint_1 [red_sonja_temple_1, red_sonja_temple_small_1]

Skill      XL: |  1  2  3  4  5  6  7  8  9 10 11 |
---------------+----------------------------------+-----
Fighting       | 3 4 6 7 8 9 10 11 12 | 12.0
Dodging        | 3 4 6 7 8 10 11 12 13 | 13.4
Unarmed Combat | 4 6 8 10 11 13 15 18 19 | 19.9
Stealth        | 1 3 |  3.0
Shields        | 3 |  3.6

Action                     |  1- 3 |  4- 6 |  7- 9 | 10-12 || total
---------------------------+-------+-------+-------+-------++-------
  Melee: Unarmed           |    11 |    11 |    34 |   121 ||   177
         Punch             |       |     1 |     1 |       ||     2
  Throw: Stone             |       |       |       |     1 ||     1
 Invoke: Berserk           |       |     1 |     2 |     2 ||     5
         Brothers in Arms  |       |       |     1 |     1 ||     2
  Evoke: Wand              |     1 |       |       |       ||     1
    Use: Potion            |       |       |       |     1 ||     1
         Scroll            |       |       |       |     1 ||     1
   Stab: Sleeping          |       |       |       |     3 ||     3
 Armour: Animal skin       |     1 |     1 |    10 |       ||    12
         Robe              |       |       |       |    29 ||    29
  Dodge: Dodged            |     5 |     6 |    25 |    77 ||   113
  Block: Kite shield       |       |       |       |    53 ||    53

Table legend: (Time is in decaauts)
 A = Elapsed time spent in this place.
 B = Non-inter-level travel time spent in this place.
 C = Inter-level travel time spent in this place.
 D = Time resting spent in this place.
 E = Time spent auto-exploring this place.
 F = Levels seen in this place.
 G = Mean time per level.
                   A        B        C        D        E       F      G
               +--------+--------+--------+--------+--------+-----+--------+
         Total |   1213 |   1191 |     22 |    366 |    116 |   1 | 1213.0 |
       Dungeon |   1213 |   1191 |     22 |    366 |    116 |   1 | 1213.0 |
               +--------+--------+--------+--------+--------+-----+--------+

Top non-repeatable levels by time:
       D: 1213 daAuts
